[Event "Titled Tuesday Blitz June 6 Late 2023"]
[White "Djordjevic, Dejan N"]
[Black "Kujawski, Adam"]
[WhiteFideId "913316"]
[BlackFideId "1100920"]
[WhiteElo "2261"]
[BlackElo "2054"]
[Result "0-1"]
[Round "6"]
[TimeControl "180+2"]
[Date "2023.06.07"]
[WhiteClock "0:00:09"]
[BlackClock "0:00:24"]
[Board "136"]

1. e4 e5 2. Nf3 Nc6 3. Bc4 Nf6 4. d3 d5 5. exd5 Nxd5 6. O-O Nb6 7. Bb3 Bg4 8. Re1 Qe7 9. Nbd2 O-O-O 10. h3 Bh5 11. Ne4 f6 12. Ng3 Bg6 13. a4 a5 14. Bd2 Kb8 15. Nh4 Qd7 16. Nxg6 hxg6 17. Ne4 g5 18. Bc3 Nd5 19. Bxd5 Qxd5 20. Qf3 Bb4 21. Bxb4 Nxb4 22. Re2 Qc6 23. Qg3 Rd7 24. Nc3 Rhd8 25. Rae1 Nd5 26. Nb5 Nf4 27. Rd2 b6 28. Re4 Qxe4 29. dxe4 Rxd2 30. Kh2 Rxc2 31. Qb3 Rxf2 0-1


[Site "https://www.chess.com"]

[Event "Titled Tuesday Blitz June 6 Late 2023"]
[White "Araujo Filho, Luiz Antonio Coel"]
[Black "Buchenau, Frank"]
[WhiteFideId "2130661"]
[BlackFideId "4604350"]
[WhiteElo "2056"]
[BlackElo "2157"]
[Result "0-1"]
[Round "6"]
[TimeControl "180+2"]
[Date "2023.06.07"]
[WhiteClock "0:00:07"]
[BlackClock "0:01:57"]
[Board "137"]

1. d4 e6 2. Nf3 Nf6 3. e3 b6 4. Bd3 Bb7 5. Nbd2 c5 6. Qe2 g6 7. O-O Bg7 8. c3 O-O 9. e4 cxd4 10. cxd4 Nc6 11. a3 Rc8 12. e5 Nd5 13. Ne4 Rb8 14. h4 f6 15. exf6 Nxf6 16. Bg5 h6 17. Nxf6+ Bxf6 18. Bxh6 Nxd4 19. Nxd4 Bxd4 20. Bxg6 Rf6 21. Qg4 Rxg6 22. Qxg6+ Kh8 23. Rad1 Qxh4 24. Rd3 Rg8 25. Qf7 Rxg2# 0-1


[Site "https://www.chess.com"]

[Event "Titled Tuesday Blitz June 6 Late 2023"]
[White "zano2023"]
[Black "The_Straightforward_Rook"]
[WhiteElo "2136"]
[BlackElo "2372"]
[Result "1/2-1/2"]
[Round "6"]
[TimeControl "180+2"]
[Date "2023.06.07"]
[WhiteClock "0:00:14"]
[BlackClock "0:00:27"]
[Board "138"]

1. d4 Nf6 2. Nd2 d5 3. Ngf3 e6 4. e3 Nbd7 5. Bd3 Bd6 6. O-O b6 7. Qe2 Bb7 8. e4 dxe4 9. Nxe4 Nxe4 10. Bxe4 Bxe4 11. Qxe4 Nf6 12. Qc6+ Kf8 13. Bg5 h6 14. Bh4 g5 15. Bg3 Kg7 16. Ne5 h5 17. h4 g4 18. c4 Qe8 19. Qxe8 Rhxe8 20. Rfe1 c5 21. dxc5 Bxc5 22. Nd3 Rac8 23. Be5 Kg6 24. Rac1 Nd7 25. Bc3 g3 26. Kf1 gxf2 27. Nxf2 Bxf2 28. Kxf2 Nc5 29. Rcd1 Red8 30. Bd4 Rd7 31. Bxc5 Rxd1 32. Rxd1 Rxc5 33. b3 Rc7 34. Kf3 Kf5 35. Rd4 e5 36. Rd5 f6 37. g3 Ke6 38. Rd8 Rd7 39. Re8+ Kf5 40. Rh8 Rd3+ 41. Kf2 Kg6 42. Rg8+ Kf7 43. Rh8 Rd2+ 44. Kf3 Rxa2 45. Rxh5 Ra3 46. Rh7+ Kg6 47. Rb7 Rxb3+ 48. Kg2 a5 49. c5 b5 50. c6 Rc3 51. Rxb5 Rxc6 52. Rxa5 e4 53. Kh3 f5 54. Kg2 Rc2+ 55. Kf1 Rc3 56. Kf2 Rf3+ 57. Kg2 Kh5 58. Ra8 Rd3 59. Rh8+ Kg6 60. Rg8+ Kf7 61. Rh8 Rd2+ 62. Kf1 Rd3 63. Kf2 Ra3 64. Rh7+ Kg6 65. Re7 Kf6 66. Re8 Kg6 67. Rg8+ Kh5 68. Rg5+ Kh6 69. Rxf5 Kg6 70. Re5 Ra4 71. Re8 Ra3 72. Rxe4 Ra2+ 73. Kf3 Ra3+ 74. Kg4 Ra6 75. h5+ Kh6 76. Rf4 Ra5 77. Rf5 Ra4+ 78. Rf4 Ra5 79. Rf5 Ra4+ 80. Rf4 Ra5 1/2-1/2


[Site "https://www.chess.com"]

[Event "Titled Tuesday Blitz June 6 Late 2023"]
[White "Hartikainen, Jarmo"]
[Black "Arun, Siddharth"]
[WhiteFideId "503134"]
[BlackFideId "2079178"]
[WhiteElo "2123"]
[BlackElo "2351"]
[Result "1-0"]
[Round "6"]
[TimeControl "180+2"]
[Date "2023.06.07"]
[WhiteClock "0:00:12"]
[BlackClock "0:00:02"]
[Board "139"]

1. e4 c6 2. d4 d5 3. Nc3 dxe4 4. Nxe4 Bf5 5. Ng3 Bg6 6. h4 h6 7. Bc4 e6 8. N1e2 Bd6 9. Nf4 Bxf4 10. Bxf4 Nf6 11. c3 Nd5 12. Bd2 Nd7 13. h5 Bh7 14. Bxd5 cxd5 15. Qe2 Qb6 16. Bf4 O-O 17. O-O Rae8 18. b3 Re7 19. Rac1 Rfe8 20. Qd2 Nf6 21. c4 Ne4 22. Nxe4 Bxe4 23. c5 Qa6 24. Rc3 Kh7 25. Bd6 Rd7 26. f3 Bf5 27. g4 Rxd6 28. cxd6 Qxd6 29. gxf5 Qg3+ 30. Qg2 Qf4 31. f6 gxf6 32. Kh1 Rg8 33. Qh2 Qxd4 34. Rc2 Qd3 35. Rg2 Qxf1+ 36. Rg1 Qxf3+ 37. Rg2 1-0


[Site "https://www.chess.com"]

[Event "Titled Tuesday Blitz June 6 Late 2023"]
[White "dorpato"]
[Black "Stachanczyk, Jacek"]
[BlackFideId "1116657"]
[WhiteElo "2068"]
[BlackElo "2084"]
[Result "0-1"]
[Round "6"]
[TimeControl "180+2"]
[Date "2023.06.07"]
[WhiteClock "0:00:02"]
[BlackClock "0:00:27"]
[Board "140"]

1. e4 c5 2. Nc3 g6 3. d3 Bg7 4. g3 Nc6 5. Be3 d6 6. Qd2 e5 7. Bg2 Be6 8. h3 Qd7 9. f4 exf4 10. Bxf4 Nge7 11. g4 h5 12. gxh5 Rxh5 13. O-O-O Nd4 14. Nge2 Nxe2+ 15. Nxe2 O-O-O 16. Ng3 Rh7 17. a3 Rdh8 18. Qa5 Kb8 19. Qxc5 Nc8 20. Qb4 Ka8 21. d4 d5 22. exd5 Bxd5 23. Bxd5 Qxd5 24. Rhe1 Rxh3 25. c4 Qf3 26. Bc7 Rxg3 27. Bxg3 Qxg3 28. Rf1 Qc7 29. c5 g5 30. Qc4 Rf8 31. Rf5 g4 32. Rdf1 Nd6 33. Qa2 Nxf5 34. Rxf5 g3 35. Rg5 Bh6 36. Kb1 Bxg5 37. Qa1 Qf4 38. c6 bxc6 39. Ka2 Qc1 0-1


[Site "https://www.chess.com"]

[Event "Titled Tuesday Blitz June 6 Late 2023"]
[White "Rian, Kapriaga"]
[Black "Tsukerman, Julia"]
[WhiteFideId "7103263"]
[BlackFideId "2621649"]
[WhiteElo "2327"]
[BlackElo "1667"]
[Result "0-1"]
[Round "6"]
[TimeControl "180+2"]
[Date "2023.06.07"]
[WhiteClock "0:00:03"]
[BlackClock "0:00:08"]
[Board "141"]

1. d4 d5 2. c4 e6 3. Nf3 Nf6 4. g3 Be7 5. Bg2 O-O 6. O-O dxc4 7. Ne5 Nc6 8. Bxc6 bxc6 9. Nxc6 Qe8 10. Nxe7+ Qxe7 11. Qa4 e5 12. dxe5 Qxe5 13. Nc3 Be6 14. Bf4 Qc5 15. Rad1 h6 16. Rd2 Rfc8 17. Qb5 Qb6 18. Be3 Qxb5 19. Nxb5 Nd5 20. Bc5 a6 21. Nc3 Nxc3 22. bxc3 Rab8 23. e4 Rb5 24. Ba3 Rcb8 25. f4 f6 26. f5 Bf7 27. Rd7 c5 28. Rc7 Ra5 29. Bxc5 Rxa2 30. Rf2 Rb1+ 31. Kg2 Rxf2+ 32. Kxf2 Rb2+ 33. Kf3 Rb8 34. Ra7 Rc8 35. Bb4 Be8 36. g4 Bb5 37. Kf4 Re8 38. Be7 Bc6 39. e5 fxe5+ 40. Kxe5 Bb5 41. Kd6 Kh7 42. f6 gxf6 43. Bxf6+ Kg6 44. Bd4 Kg5 45. Rg7+ Kh4 46. Kc5 Re4 0-1


[Site "https://www.chess.com"]

[Event "Titled Tuesday Blitz June 6 Late 2023"]
[White "Narva, Triin"]
[Black "Vargas, Mauricio"]
[WhiteFideId "4502680"]
[BlackFideId "4404572"]
[WhiteElo "1976"]
[BlackElo "1986"]
[Result "1-0"]
[Round "6"]
[TimeControl "180+2"]
[Date "2023.06.07"]
[WhiteClock "0:02:18"]
[BlackClock "0:00:01"]
[Board "143"]

1. e4 d5 2. exd5 Qxd5 3. Nc3 Qa5 4. Bc4 c6 5. d3 Nf6 6. Qe2 Qc7 7. Nf3 Bg4 8. h3 Bh5 9. g4 Bg6 10. Ne5 e6 11. f4 Bc5 12. f5 exf5 13. Nxg6+ Kd7 14. Nxh8 Qg3+ 15. Kd1 fxg4 16. Nxf7 1-0


[Site "https://www.chess.com"]

[Event "Titled Tuesday Blitz June 6 Late 2023"]
[White "campochess"]
[Black "Brown, Raehanna"]
[BlackFideId "7402740"]
[WhiteElo "2149"]
[BlackElo "1655"]
[Result "1-0"]
[Round "6"]
[TimeControl "180+2"]
[Date "2023.06.07"]
[WhiteClock "0:01:42"]
[BlackClock "0:00:17"]
[Board "144"]

1. d4 Nf6 2. Bg5 Ne4 3. h4 d5 4. Nd2 Nxg5 5. hxg5 e6 6. Ngf3 c5 7. e3 cxd4 8. exd4 Nc6 9. c3 Be7 10. Bd3 Bxg5 11. Qc2 h6 12. O-O O-O 13. Rfe1 Bf6 14. Nf1 a6 15. Ng3 b5 16. a4 Rb8 17. axb5 axb5 18. Qe2 b4 19. Nh5 bxc3 20. bxc3 Bb7 21. Reb1 g6 22. Nxf6+ Qxf6 23. Rb6 Rfc8 24. Rab1 Qe7 25. Qd2 Qc7 26. Qxh6 Ne7 27. Ng5 Nf5 28. Qh7+ Kf8 29. Rxe6 Re8 30. Qh8# 1-0


[Site "https://www.chess.com"]

[Event "Titled Tuesday Blitz June 6 Late 2023"]
[White "Lopez Perdomo, Juan David"]
[Black "Miller, Ike S"]
[WhiteFideId "4405137"]
[BlackFideId "2022532"]
[WhiteElo "1965"]
[BlackElo "2126"]
[Result "1-0"]
[Round "6"]
[TimeControl "180+2"]
[Date "2023.06.07"]
[WhiteClock "0:00:20"]
[BlackClock "0:00:09"]
[Board "145"]

1. e4 c5 2. d4 cxd4 3. c3 dxc3 4. Nxc3 e6 5. Nf3 Nc6 6. Bc4 Bb4 7. O-O a6 8. Qe2 Nge7 9. Bg5 Bxc3 10. bxc3 O-O 11. a4 f6 12. Bh4 Ng6 13. Bg3 Nge5 14. Ba2 Qe7 15. Bxe5 fxe5 16. Rfd1 d6 17. Qd2 Rd8 18. Rab1 Rb8 19. Rb6 Qc7 20. Rdb1 h6 21. h3 Ne7 22. a5 Kh7 23. Rd1 d5 24. Qe2 Bd7 25. exd5 Nxd5 26. Bxd5 exd5 27. Nxe5 Bf5 28. Qe3 Re8 29. f4 Be4 30. Kh2 Rbc8 31. c4 Qc5 32. Qxc5 Rxc5 33. Rxb7 dxc4 34. Ra7 c3 35. Nd7 c2 36. Rc1 Re7 37. Nxc5 Rxa7 38. Nxe4 Rc7 39. Kg3 1-0


[Site "https://www.chess.com"]

[Event "Titled Tuesday Blitz June 6 Late 2023"]
[White "el_sporco"]
[Black "Tarnowska, Aleksandra"]
[BlackFideId "1180967"]
[WhiteElo "2423"]
[BlackElo "1776"]
[Result "0-1"]
[Round "6"]
[TimeControl "180+2"]
[Date "2023.06.07"]
[WhiteClock "0:00:03"]
[BlackClock "0:00:04"]
[Board "146"]

1. e4 c5 2. Nf3 e6 3. c4 Qc7 4. Nc3 Nf6 5. d4 cxd4 6. Nxd4 Bb4 7. Bd3 Nc6 8. Nxc6 dxc6 9. O-O e5 10. Ne2 a5 11. Ng3 Bc5 12. h3 Be6 13. Qf3 h6 14. Nf5 Bxf5 15. Qxf5 a4 16. Kh1 Rd8 17. Bc2 b5 18. f4 Bd4 19. Rb1 O-O 20. g4 Qd7 21. fxe5 Qxf5 22. Rxf5 Nd7 23. Bf4 Rfe8 24. cxb5 cxb5 25. e6 Rxe6 26. Rxb5 Nc5 27. Bc7 Rde8 28. Bb6 Re5 29. Bxc5 Bxc5 30. Re1 Bd4 31. Rxe5 Rxe5 32. Bxa4 Bxb2 33. Bc6 Bc3 34. Bd5 Bxe1 35. a4 Bb4 36. Kg2 g6 37. Kf3 Kf8 38. Ke3 Bc5+ 39. Kd3 Ke7 40. Kc4 Kd6 41. Kb5 f5 42. exf5 gxf5 43. Bf3 Re3 44. Bd1 Rc3 45. gxf5 Rxh3 46. a5 Rd3 47. Bg4 Rb3+ 48. Kc4 Rb4+ 49. Kc3 Rxg4 50. a6 Ra4 51. f6 Rxa6 52. f7 Ke7 0-1


[Site "https://www.chess.com"]

[Event "Titled Tuesday Blitz June 6 Late 2023"]
[White "NtcPou"]
[Black "Manon-og, Ramon Jr."]
[BlackFideId "5200776"]
[WhiteElo "2045"]
[BlackElo "2326"]
[Result "0-1"]
[Round "6"]
[TimeControl "180+2"]
[Date "2023.06.07"]
[WhiteClock "0:00:23"]
[BlackClock "0:01:16"]
[Board "147"]

1. e4 c5 2. Nf3 d6 3. Bb5+ Nd7 4. a4 Nf6 5. Nc3 a6 6. Be2 e5 7. O-O Be7 8. a5 O-O 9. d3 h6 10. h3 Re8 11. Bd2 Nf8 12. Na4 Ne6 13. Nb6 Rb8 14. c3 Bf8 15. Be3 Nd7 16. Nd5 Nf6 17. Nb6 Nd7 18. Nd5 Nc7 19. c4 Nxd5 20. cxd5 Nf6 21. Nd2 Nh7 22. Nc4 f5 23. f3 f4 24. Bf2 Qg5 25. Kh2 Nf6 26. Qb3 Nh5 27. Qb6 Ng3 28. Rfe1 Qg6 29. Bxc5 Nxe2 30. Rxe2 Qg3+ 31. Kh1 dxc5 32. d6 Bxh3 33. Qxc5 Rbc8 34. Qd5+ Be6 35. Qxb7 Bxc4 36. dxc4 Bxd6 37. Qxa6 Bc5 38. Qb5 Qh4# 0-1


[Site "https://www.chess.com"]

[Event "Titled Tuesday Blitz June 6 Late 2023"]
[White "Osmonbekov, Talaibek"]
[Black "Dmitriev, Sergey"]
[WhiteFideId "2017253"]
[BlackFideId "14101785"]
[WhiteElo "2135"]
[BlackElo "2132"]
[Result "1-0"]
[Round "6"]
[TimeControl "180+2"]
[Date "2023.06.07"]
[WhiteClock "0:01:21"]
[BlackClock "0:01:53"]
[Board "148"]

1. d4 d6 2. Bf4 g6 3. Nc3 Bg7 4. h4 h5 5. e4 Nf6 6. Qd2 O-O 7. O-O-O Nc6 8. f3 Nd7 9. Bg5 f6 10. Bh6 e5 11. Bc4+ Kh7 12. Bxg7 Kxg7 13. Nge2 Nb6 14. Bb3 Na5 15. g4 Nxb3+ 16. axb3 hxg4 17. fxg4 Bxg4 18. Rdg1 Bh5 19. Ng3 Kh7 20. Nxh5 gxh5 21. Qd1 Qe8 22. Ne2 Qf7 23. Ng3 Kh6 24. Nf5+ Kh7 25. Rg7+ Qxg7 26. Qxh5+ Kg8 27. Nxg7 Kxg7 28. Rg1# 1-0


[Site "https://www.chess.com"]

[Event "Titled Tuesday Blitz June 6 Late 2023"]
[White "Kovalev, Vladislav"]
[Black "Makarian, Rudik"]
[WhiteFideId "13504398"]
[BlackFideId "44105681"]
[WhiteElo "2555"]
[BlackElo "2451"]
[Result "1/2-1/2"]
[Round "7"]
[TimeControl "180+2"]
[Date "2023.06.07"]
[WhiteClock "0:00:04"]
[BlackClock "0:00:06"]
[Board "1"]

1. e4 c5 2. Nf3 Nc6 3. Bb5 e6 4. O-O Nd4 5. Nxd4 cxd4 6. c3 a6 7. Bd3 Bc5 8. b4 Ba7 9. Bb2 Ne7 10. Na3 d5 11. Nc2 O-O 12. Nxd4 Bxd4 13. cxd4 Bd7 14. f3 Bb5 15. Qe2 Qd7 16. Rfc1 b6 17. Rc2 Rfc8 18. Rac1 Rxc2 19. Rxc2 Rc8 20. Rxc8+ Nxc8 21. e5 Qc6 22. Bxb5 axb5 23. Qd3 Ne7 24. Qc3 Qd7 25. d3 h6 26. Bc1 Kh7 27. g4 Ng6 28. Kf2 Qe7 29. Be3 f5 30. exf6 Qxf6 31. Qc7 Nh4 32. Qf4 Qe7 33. a3 Qa7 34. Qe5 Qxa3 35. Kg3 Ng6 36. Qxe6 Qxb4 37. Bf2 Qd2 38. Qf5 Qg5 39. Qxg5 hxg5 40. Be3 Kh6 41. Kf2 b4 42. Ke2 Nh4 43. f4 gxf4 44. Bxf4+ Kg6 45. Kd2 Nf3+ 46. Ke3 Ne1 47. Kd2 Nf3+ 48. Kc2 Nxd4+ 49. Kb2 Ne6 50. Be3 Nc5 51. Kc2 Kf6 52. h4 g6 53. Bd4+ Kf7 54. h5 gxh5 55. gxh5 Kg8 56. Be3 Kh7 57. Bd2 Ne6 58. Bxb4 Kh6 59. Be7 Kxh5 60. Kc3 Kg4 61. Kb4 Kf3 62. Kb5 Ke3 63. Kxb6 Kxd3 64. Kc6 Kc4 65. Bf6 Nd4+ 66. Kb7 Nb5 67. Bh8 Nc3 68. Kc6 Ne4 69. Bg7 Ng3 70. Bh8 Nf5 71. Ba1 Nd4+ 72. Kd7 Kd3 73. Ke8 Nb5 74. Bh8 Ke4 75. Kf8 Nd4 76. Ke8 Nf3 77. Ba1 Kd3 78. Kf8 Nd4 79. Kg8 Ke4 80. Kh8 Ne2 81. Bb2 Nf4 82. Ba1 Nd3 83. Bc3 Nc5 84. Ba1 Kd3 85. Bg7 Nd7 86. Ba1 Nb6 87. Bb2 Na4 88. Bg7 Nc5 89. Ba1 Ke4 90. Bb2 Nd3 91. Ba1 Nf4 92. Bb2 Ng6+ 93. Kg7 Ne5 94. Kh8 Nf3 95. Ba1 Kd3 96. Bb2 Nd2 97. Ba1 Nb3 98. Bb2 Nd4 99. Ba1 Kc4 100. Bb2 Ne2 101. Bg7 Nc3 102. Bf6 Kd3 103. Bg7 Ke4 104. Bf6 Ne2 105. Bg7 Nf4 106. Ba1 Nd3 107. Bc3 Nf2 108. Ba1 Nd1 109. Kg7 Kd3 110. Bf6 Nc3 111. Kh8 Kc4 112. Bg7 Ne4 113. Kg8 Nd6 1/2-1/2


[Site "https://www.chess.com"]

[Event "Titled Tuesday Blitz June 6 Late 2023"]
[White "Deac, Bogdan-Daniel"]
[Black "Nepomniachtchi, Ian"]
[WhiteFideId "1226380"]
[BlackFideId "4168119"]
[WhiteElo "2644"]
[BlackElo "2781"]
[Result "1-0"]
[Round "7"]
[TimeControl "180+2"]
[Date "2023.06.07"]
[WhiteClock "0:00:06"]
[BlackClock "0:00:05"]
[Board "2"]

1. d4 f5 2. g3 Nf6 3. Bg2 g6 4. Nd2 Nc6 5. d5 Ne5 6. Nh3 Bg7 7. Nf4 O-O 8. h4 c6 9. c4 Qb6 10. O-O Nfg4 11. e3 d6 12. Rb1 Nxe3 13. fxe3 Qxe3+ 14. Kh2 Ng4+ 15. Kh3 Nf2+ 16. Rxf2 Qxf2 17. Nf3 Be5 18. Qd3 Qb6 19. Be3 Qc7 20. Re1 Bxb2 21. Bd4 Bxd4 22. Nxd4 Rf6 23. dxc6 e5 24. Nd5 f4+ 25. Kh2 Qf7 26. Nxf6+ Qxf6 27. cxb7 Bxb7 28. Bxb7 Rb8 29. Bd5+ Kh8 30. Nb3 a5 31. Re2 a4 32. Nd2 Rb2 33. Ne4 fxg3+ 34. Nxg3 a3 35. Kg2 Qxh4 36. Qf3 Qf4 37. Rf2 Kg7 38. Qxf4 exf4 39. Ne4 h6 40. Nxd6 Kf6 41. c5 Ke5 42. Nc4+ Kxd5 43. Nxb2 axb2 44. Rxb2 g5 45. a4 g4 46. a5 1-0


[Site "https://www.chess.com"]

[Event "Titled Tuesday Blitz June 6 Late 2023"]
[White "Keymer, Vincent"]
[Black "Duda, Jan-Krzysztof"]
[WhiteFideId "12940690"]
[BlackFideId "1170546"]
[WhiteElo "2669"]
[BlackElo "2783"]
[Result "0-1"]
[Round "7"]
[TimeControl "180+2"]
[Date "2023.06.07"]
[WhiteClock "0:00:11"]
[BlackClock "0:00:07"]
[Board "3"]

1. Nf3 d5 2. e3 Nf6 3. c4 c6 4. Nc3 e6 5. b3 Nbd7 6. Qc2 Bd6 7. Bb2 O-O 8. Be2 Qe7 9. O-O e5 10. cxd5 Nxd5 11. Ne4 Bc7 12. Ng3 N7f6 13. a3 a5 14. d4 exd4 15. Nxd4 g6 16. Nf3 Re8 17. Bc4 Bg4 18. Rae1 Rad8 19. e4 Nf4 20. Ng5 Ne6 21. Bxe6 Bxe6 22. Qc3 Kg7 23. Nf5+ gxf5 24. exf5 Bxh2+ 25. Kxh2 Qd6+ 26. Kg1 Bxf5 27. Qf3 Bg6 28. Rd1 Qe7 29. Rde1 Qd6 30. Re3 h6 31. Nh3 c5 32. Nf4 Qc6 33. Qg3 Kh7 34. Qh4 Ng8 35. Rg3 Rd2 36. Nh5 Rxb2 37. Nf4 Rd2 38. Rh3 Rd4 39. Qg3 Qd6 40. Nh5 Qxg3 41. Nxg3 Rd3 42. Rh2 Rxb3 43. f3 Rxa3 44. f4 c4 45. f5 c3 46. fxg6+ fxg6 47. Rf7+ Kh8 48. Rc7 c2 49. Nf1 Ra2 50. Rc3 b5 51. Rhh3 b4 52. Rc7 a4 53. Rf3 b3 54. Rff7 Re7 0-1


[Site "https://www.chess.com"]

[Event "Titled Tuesday Blitz June 6 Late 2023"]
[White "Nakamura, Hikaru"]
[Black "Rasulov, Vugar"]
[WhiteFideId "2016192"]
[BlackFideId "13402390"]
[WhiteElo "2874"]
[BlackElo "2509"]
[Result "1-0"]
[Round "7"]
[TimeControl "180+2"]
[Date "2023.06.07"]
[WhiteClock "0:00:53"]
[BlackClock "0:00:04"]
[Board "4"]

1. g3 Nf6 2. Bg2 d5 3. d3 g6 4. Bd2 c5 5. Qc1 Nc6 6. Nc3 h5 7. Bg5 d4 8. Ne4 Nxe4 9. Bxe4 Bg7 10. c4 dxc3 11. bxc3 O-O 12. Bh6 Be6 13. Bxg7 Kxg7 14. c4 Nd4 15. Qb2 Qa5+ 16. Kf1 Qb6 17. Rb1 f5 18. Qa1 Qxb1+ 19. Qxb1 fxe4 20. dxe4 b6 21. Kg2 Bxc4 22. e3 Nc6 23. Qb2+ Rf6 24. Qc3 b5 25. Nf3 Rf8 26. Ng5 e5 27. f4 Rd6 28. Rc1 Rd3 29. Qe1 Rfd8 30. Rxc4 bxc4 31. Ne6+ Kh7 32. Nxd8 Nxd8 33. Qa5 Nf7 34. Qxc5 Rd2+ 35. Kf1 Rc2 36. fxe5 Ng5 37. Qe7+ Kh6 38. e6 c3 39. Qf8+ Kh7 40. e7 Rc1+ 41. Ke2 Rc2+ 42. Kd1 Rd2+ 43. Kc1 1-0


[Site "https://www.chess.com"]

[Event "Titled Tuesday Blitz June 6 Late 2023"]
[White "Sjugirov, Sanan"]
[Black "Sarana, Alexey"]
[WhiteFideId "4189302"]
[BlackFideId "24133795"]
[WhiteElo "2569"]
[BlackElo "2714"]
[Result "0-1"]
[Round "7"]
[TimeControl "180+2"]
[Date "2023.06.07"]
[WhiteClock "0:00:02"]
[BlackClock "0:00:11"]
[Board "5"]

1. e4 c5 2. Nf3 d6 3. d4 cxd4 4. Nxd4 Nf6 5. Nc3 a6 6. Be3 e5 7. Nb3 Be6 8. f3 Nbd7 9. Qd2 Be7 10. O-O-O b5 11. g4 Nb6 12. Qf2 Nfd7 13. Nd5 Bxd5 14. exd5 Nc4 15. Kb1 Nxe3 16. Qxe3 Bh4 17. f4 O-O 18. Bd3 Re8 19. Rhf1 Rb8 20. Qh3 exf4 21. Rxf4 h6 22. Nd4 Ne5 23. Nc6 Nxc6 24. dxc6 Bg5 25. Rf5 Rc8 26. Qf3 Re3 27. Qd5 Qe7 28. a4 g6 29. Rff1 Re5 30. Qf3 Re3 31. Qd5 Re5 32. Qf3 Kg7 33. c3 Re3 34. Qd5 Re5 35. Qf3 Qe8 36. axb5 axb5 37. Bc2 Rxc6 38. Bb3 Rc7 39. Rxd6 b4 40. cxb4 Re3 41. Qd5 Re4 42. Qd3 Qe5 43. Rd5 Qe7 44. Rd4 Re5 45. Rc4 Rd7 46. Qc3 Bf6 47. Rcf4 Rd6 48. g5 hxg5 49. R4f3 Rf5 50. Qc2 Rxf3 51. Rxf3 Qe5 52. Rf1 Rd7 53. Bc4 Rc7 54. Rf2 Rxc4 55. Qxc4 Qe1+ 0-1


[Site "https://www.chess.com"]

[Event "Titled Tuesday Blitz June 6 Late 2023"]
[White "Kamsky, Gata"]
[Black "Paravyan, David"]
[WhiteFideId "2000024"]
[BlackFideId "4194985"]
[WhiteElo "2660"]
[BlackElo "2563"]
[Result "1/2-1/2"]
[Round "7"]
[TimeControl "180+2"]
[Date "2023.06.07"]
[WhiteClock "0:00:44"]
[BlackClock "0:00:21"]
[Board "6"]

1. d4 d5 2. Bf4 Nf6 3. e3 e6 4. Nd2 Bd6 5. c3 O-O 6. Ngf3 b6 7. Ne5 Bb7 8. h4 Nbd7 9. h5 h6 10. Qf3 Qe7 11. Qg3 Kh8 12. Bd3 Bxe5 13. Bxe5 Nxe5 14. Qxe5 Qd6 15. f3 Qxe5 16. dxe5 Nd7 17. f4 f6 18. Nf3 fxe5 19. Nxe5 Nxe5 20. fxe5 a5 21. Rh3 Ba6 22. Bxa6 Rxa6 23. Rf3 Kg8 24. Ke2 a4 25. Raf1 Rxf3 26. gxf3 b5 27. Kd3 c5 28. Rg1 Kf7 29. f4 a3 30. b3 Ra8 31. b4 cxb4 32. cxb4 Rc8 33. Rb1 g6 34. hxg6+ Kxg6 35. Rg1+ Kf7 36. Rh1 Kg6 37. Rg1+ Kf7 38. Rh1 Kg6 39. Rg1+ 1/2-1/2


[Site "https://www.chess.com"]

[Event "Titled Tuesday Blitz June 6 Late 2023"]
[White "Lazavik, Denis"]
[Black "Durarbayli, Vasif"]
[WhiteFideId "13515110"]
[BlackFideId "13402935"]
[WhiteElo "2560"]
[BlackElo "2551"]
[Result "0-1"]
[Round "7"]
[TimeControl "180+2"]
[Date "2023.06.07"]
[WhiteClock "0:00:07"]
[BlackClock "0:00:08"]
[Board "7"]

1. d4 Nf6 2. c4 e6 3. Nc3 Bb4 4. e3 O-O 5. Bd3 d5 6. cxd5 exd5 7. a3 Bd6 8. Qc2 c6 9. Nge2 Re8 10. Bd2 a5 11. O-O b5 12. f3 Ba6 13. Nd1 b4 14. Nf2 bxa3 15. bxa3 Qc7 16. h3 c5 17. dxc5 Qxc5 18. Rfc1 Nbd7 19. Nd4 Qxc2 20. Rxc2 Ne5 21. Bxa6 Rxa6 22. Nb5 Nc4 23. Nxd6 Rxd6 24. e4 dxe4 25. Bg5 e3 26. Rxc4 exf2+ 27. Kxf2 h6 28. Bf4 Rd3 29. Rc2 Nd5 30. Bd2 a4 31. Rb2 Kh7 32. Raa2 g5 33. Rc2 Kg6 34. Rc6+ f6 35. Rc4 Rd8 36. Ke2 Rb3 37. Rxa4 Rb1 38. Kf2 Nb6 39. Rb4 Rd1 40. Rxb6 R1xd2+ 41. Rxd2 Rxd2+ 42. Kg3 Ra2 43. Ra6 h5 44. h4 gxh4+ 45. Kh3 Kg5 46. Ra5+ f5 47. a4 Ra3 48. Ra8 Ra1 49. a5 Rh1# 0-1


[Site "https://www.chess.com"]

[Event "Titled Tuesday Blitz June 6 Late 2023"]
[White "Hansen, Eric"]
[Black "Andreikin, Dmitry"]
[WhiteFideId "2606771"]
[BlackFideId "4158814"]
[WhiteElo "2561"]
[BlackElo "2736"]
[Result "0-1"]
[Round "7"]
[TimeControl "180+2"]
[Date "2023.06.07"]
[WhiteClock "0:00:04"]
[BlackClock "0:00:21"]
[Board "8"]

1. e4 g6 2. d4 Bg7 3. Nf3 d6 4. Bd3 Nf6 5. h3 O-O 6. O-O Nbd7 7. Re1 e5 8. c3 Re8 9. Nbd2 a6 10. Nf1 b5 11. Ng3 Bb7 12. a4 c6 13. Qc2 Qc7 14. Be3 c5 15. dxe5 dxe5 16. b3 Bc6 17. Nd2 Red8 18. Bf1 h5 19. Nf3 Qb7 20. Bg5 Re8 21. axb5 axb5 22. Rad1 Qc7 23. c4 b4 24. Rd5 Ra3 25. Red1 Bxd5 26. cxd5 Qd6 27. Bb5 Rea8 28. Nd2 Ra2 29. Qd3 Nb6 30. Bc6 R8a3 31. Qb5 Qc7 32. Qxc5 Bf8 33. Qb5 Nfd7 34. Nc4 Nxc4 35. Qxc4 Nc5 36. Rb1 Nb7 37. Be3 Na5 38. Qb5 Nxb3 39. Kh2 Nd4 40. Qc4 Rc3 41. Qf1 Nxc6 42. dxc6 Qxc6 43. Rd1 h4 44. Ne2 Rcc2 45. Nc1 Ra1 46. Nd3 Rxd1 47. Qxd1 b3 48. Nxe5 Qd6 0-1


[Site "https://www.chess.com"]

[Event "Titled Tuesday Blitz June 6 Late 2023"]
[White "Hakobyan, Aram"]
[Black "Licznerski, Lukasz"]
[WhiteFideId "13306677"]
[BlackFideId "1179250"]
[WhiteElo "2584"]
[BlackElo "2453"]
[Result "1-0"]
[Round "7"]
[TimeControl "180+2"]
[Date "2023.06.07"]
[WhiteClock "0:02:00"]
[BlackClock "0:00:51"]
[Board "9"]

1. d4 Nf6 2. c4 g6 3. Nc3 d5 4. Nf3 Bg7 5. cxd5 Nxd5 6. e4 Nxc3 7. bxc3 c5 8. Bb5+ Nc6 9. Rb1 O-O 10. d5 Bxc3+ 11. Bd2 Bxd2+ 12. Qxd2 Nd4 13. Nxd4 cxd4 14. O-O e5 15. f4 f6 16. fxe5 fxe5 17. Rxf8+ Qxf8 18. Rf1 Qg7 19. Qg5 Bd7 20. Bxd7 Qxd7 21. Qxe5 d3 22. Qd4 Re8 23. Qxd3 Qa4 24. d6 Qxa2 25. d7 Rd8 26. Qd6 Qa4 27. Qe6+ 1-0


[Site "https://www.chess.com"]

[Event "Titled Tuesday Blitz June 6 Late 2023"]
[White "Moroni, Luca Jr"]
[Black "Bortnyk, Mykola"]
[WhiteFideId "865834"]
[BlackFideId "14120836"]
[WhiteElo "2569"]
[BlackElo "2592"]
[Result "1-0"]
[Round "7"]
[TimeControl "180+2"]
[Date "2023.06.07"]
[WhiteClock "0:00:48"]
[BlackClock "0:00:22"]
[Board "10"]

1. d4 Nf6 2. Bf4 c5 3. e3 cxd4 4. exd4 d5 5. c3 Nc6 6. Nf3 Bf5 7. Nbd2 e6 8. Be2 Bd6 9. Bxd6 Qxd6 10. O-O O-O 11. Re1 Ne4 12. Nh4 Qf4 13. Nxe4 Bxe4 14. g3 Qd6 15. Bd3 Bg6 16. Nxg6 hxg6 17. h4 e5 18. dxe5 Nxe5 19. Bf1 Rad8 20. Bg2 Nc6 21. Qb3 Na5 22. Qa4 Nc4 23. b3 Nb6 24. Qd4 Rd7 25. a4 a5 26. Rad1 Rfd8 27. Re3 Qf6 28. Bh3 Rc7 29. c4 Qxd4 30. Rxd4 Kh7 31. Re1 Rc5 32. Red1 Rd6 33. Bg2 f6 34. Bxd5 Nxd5 35. Rxd5 Rcxd5 36. Rxd5 Ra6 37. Kf1 Kh6 38. Rb5 b6 39. Ke2 g5 40. hxg5+ fxg5 41. g4 g6 42. Ke3 Ra7 43. Rxb6 Re7+ 44. Kd3 Rd7+ 45. Kc3 Rc7 46. Rb5 Rf7 47. c5 Rxf2 48. c6 Rf3+ 49. Kc4 Rf7 50. Rxa5 Rc7 51. Rc5 Ra7 52. Kb5 Rc7 53. Kb6 Re7 54. c7 Re6+ 55. Rc6 Re7 56. c8=Q Rb7+ 57. Kxb7 1-0


[Site "https://www.chess.com"]